| Goals | Penalties |
No Goal
|
Dillon Heatherington (TOR) for High sticking (Minor) at 12:52
|
1. Marlies , Dominic Toninato 10 (Jonah Gadjovich 18, Greg McKegg 7) at 3:38
2. Roadrunners , Nick Abruzzese 15 (Julien Gauthier 30, Marat Khusnutdinov 19) at 4:28
3. Marlies , Filip Cederqvist 6 (Lassi Thomson 7, Brad Richardson 11) at 6:24
4. Marlies , Nikita Alexandrov 21 (Martin Frk 21) at 18:03
5. Roadrunners , Bobby Brink 17 (Rem Pitlick 22, Colin White 32) at 18:07
|
Joseph Duszak (TOR) for Fighting (Major) at 4:37 Rem Pitlick (PHO) for Fighting (Major) at 4:37
|
6. Roadrunners , Bobby Brink 18 (Reilly Walsh 20) at 0:08
7. Roadrunners , Julien Gauthier 14 (Kale Clague 3, Marat Khusnutdinov 20) at 3:23
8. Roadrunners , William Eklund 22 (Reilly Walsh 21) at 3:57
9. Roadrunners , Fredrik Karlstrom 13 (Reilly Walsh 22, William Eklund 22) at 4:34
10. Marlies , Alec Regula 2 (Patrick Brown 20, Jujhar Khaira 20) at 16:17 (PP)
|
Kale Clague (PHO) for Delaying the game (Minor) at 12:50 Nikita Novikov (PHO) for Tripping (Minor) at 15:44
|
|
Garrett Metcalf (PHO), 30 saves from 34 shots - (0,882), W, 8-3-3, 60:00 minutes
Arturs Silovs (TOR), 16 saves from 21 shots - (0,762), L, 10-9-4, 43:57 minutes Jiri Patera (TOR), 7 saves from 8 shots - (0,875), 16:03 minutes
|
|
1 - Bobby Brink (PHO)
2 - William Eklund (PHO)
3 - Reilly Walsh (PHO)
|
Referees : Kevin Pollock and Amanda Tasson
Linesman : Sara Strong and Kory Nagy
|
|
Jake Massie is injured at 2:29 of 2nd period (Left Wrist)
Joseph Duszak and Rem Pitlick fight to a draw at 4:37 of 2nd period
Jiri Patera enters game at 3:57 of 3rd period
|
| Team Name |
Goals |
Shots |
Shots Attemp |
Shots Blocked |
PIM |
HIT |
PP |
PK |
FO% |
| Roadrunners |
6 | 29 | 57 | 11 | 9 | 20 | 0 / 1 (0%) | 1 | 54% |
| Marlies |
4 | 34 | 63 | 13 | 7 | 36 | 1 / 2 (50%) | 0 | 46% |
Roadrunners
| Player Name |
POS |
G |
A |
P |
+/- |
PIM |
HIT |
SHT |
SB |
MP |
PP MP |
PP SHT |
PK MP |
PK SHT |
FO% |
FOT |
GA |
TA |
| Bobby Brink | RW | 2 | 0 | 2 | 1 | 0 | 2 | 5 | 0 | 20:15 | 1:02 | 0 | 0:00 | 0 | 0% |
1 | 1 | 0 |
| Cam Dineen | D | 0 | 0 | 0 | 1 | 0 | 0 | 0 | 1 | 7:59 | 0:48 | 0 | 0:10 | 0 | 0% |
0 | 1 | 0 |
| Colin White | C/RW | 0 | 1 | 1 | 1 | 0 | 0 | 4 | 0 | 23:17 | 1:02 | 0 | 1:32 | 0 | 52% |
29 | 1 | 0 |
| Ethan Frisch | D | 0 | 0 | 0 | 0 | 0 | 0 | 0 | 0 | 0:54 | 0:00 | 0 | 0:10 | 0 | 0% |
0 | 0 | 0 |
| Fredrik Karlstrom | C | 1 | 0 | 1 | 2 | 0 | 1 | 2 | 0 | 13:57 | 0:00 | 0 | 0:00 | 0 | 43% |
7 | 0 | 0 |
| Jake Massie | D | 0 | 0 | 0 | 0 | 0 | 0 | 0 | 1 | 7:44 | 0:14 | 0 | 0:00 | 0 | 0% |
0 | 0 | 0 |
| Julien Gauthier | RW | 1 | 1 | 2 | 1 | 0 | 4 | 3 | 0 | 19:49 | 0:55 | 0 | 0:00 | 0 | 0% |
0 | 2 | 0 |
| Kale Clague | D | 0 | 1 | 1 | 3 | 2 | 0 | 0 | 0 | 19:35 | 0:00 | 0 | 0:00 | 0 | 0% |
0 | 0 | 0 |
| Linus Karlsson | RW | 0 | 0 | 0 | 2 | 0 | 2 | 2 | 0 | 14:48 | 0:02 | 0 | 0:00 | 0 | 0% |
0 | 0 | 1 |
| Mac Hollowell | D | 0 | 0 | 0 | -2 | 0 | 1 | 0 | 2 | 17:10 | 0:00 | 0 | 0:45 | 0 | 0% |
0 | 0 | 1 |
| Marat Khusnutdinov | C | 0 | 2 | 2 | 0 | 0 | 0 | 3 | 0 | 20:23 | 0:55 | 0 | 0:36 | 0 | 75% |
8 | 1 | 2 |
| Nick Abruzzese | C/LW | 1 | 0 | 1 | 1 | 0 | 1 | 2 | 0 | 19:02 | 0:55 | 0 | 0:50 | 0 | 0% |
0 | 2 | 0 |
| Nikita Novikov | D | 0 | 0 | 0 | 1 | 2 | 2 | 0 | 2 | 17:25 | 1:11 | 0 | 1:04 | 0 | 0% |
0 | 1 | 1 |
| Reilly Walsh | D | 0 | 3 | 3 | 3 | 0 | 0 | 2 | 2 | 28:51 | 1:11 | 0 | 1:37 | 0 | 0% |
0 | 0 | 2 |
| Rem Pitlick | LW/RW | 0 | 1 | 1 | 1 | 5 | 2 | 2 | 2 | 20:42 | 1:02 | 0 | 1:31 | 0 | 100% |
1 | 0 | 0 |
| Stanislav Svozil | D | 0 | 0 | 0 | -1 | 0 | 0 | 1 | 1 | 21:27 | 0:34 | 0 | 1:18 | 0 | 0% |
0 | 0 | 0 |
| Trey Fix-Wolansky | RW | 0 | 0 | 0 | -1 | 0 | 2 | 0 | 0 | 9:06 | 0:02 | 0 | 0:34 | 0 | 0% |
0 | 0 | 0 |
| William Eklund | LW | 1 | 1 | 2 | 2 | 0 | 3 | 3 | 0 | 15:01 | 0:02 | 0 | 0:01 | 0 | 0% |
0 | 1 | 0 |
Marlies
| Player Name |
POS |
G |
A |
P |
+/- |
PIM |
HIT |
SHT |
SB |
MP |
PP MP |
PP SHT |
PK MP |
PK SHT |
FO% |
FOT |
GA |
TA |
| Alec Regula | D | 1 | 0 | 1 | -1 | 0 | 2 | 2 | 0 | 22:49 | 1:41 | 1 | 0:49 | 0 | 0% |
0 | 0 | 3 |
| Brad Richardson | C | 0 | 1 | 1 | 1 | 0 | 2 | 2 | 0 | 11:50 | 0:00 | 0 | 0:57 | 0 | 60% |
5 | 1 | 0 |
| Brett Seney | C/LW | 0 | 0 | 0 | 1 | 0 | 1 | 3 | 0 | 12:24 | 0:01 | 0 | 0:44 | 0 | 0% |
0 | 0 | 0 |
| Dillon Heatherington | D | 0 | 0 | 0 | -2 | 2 | 3 | 2 | 2 | 21:14 | 0:00 | 0 | 0:00 | 0 | 0% |
0 | 1 | 0 |
| Dominic Toninato | C | 1 | 0 | 1 | 0 | 0 | 1 | 1 | 1 | 13:27 | 0:00 | 0 | 0:36 | 0 | 60% |
5 | 0 | 0 |
| Filip Cederqvist | LW/RW | 1 | 0 | 1 | 1 | 0 | 3 | 1 | 1 | 10:34 | 0:00 | 0 | 0:00 | 0 | 0% |
0 | 0 | 0 |
| Greg McKegg | C/LW | 0 | 1 | 1 | 0 | 0 | 0 | 0 | 0 | 13:46 | 0:01 | 0 | 0:36 | 0 | 67% |
3 | 0 | 0 |
| Jake Lucchini | C/LW/RW | 0 | 0 | 0 | -2 | 0 | 1 | 3 | 0 | 16:03 | 1:13 | 0 | 0:03 | 0 | 0% |
1 | 0 | 0 |
| Jonah Gadjovich | LW/RW | 0 | 1 | 1 | 0 | 0 | 4 | 1 | 0 | 14:37 | 1:18 | 0 | 0:00 | 0 | 0% |
0 | 1 | 1 |
| Joseph Duszak | D | 0 | 0 | 0 | -1 | 5 | 2 | 0 | 0 | 21:00 | 0:51 | 0 | 1:10 | 0 | 0% |
0 | 0 | 3 |
| Jujhar Khaira | C/LW | 0 | 1 | 1 | -2 | 0 | 2 | 1 | 0 | 16:00 | 1:13 | 0 | 0:00 | 0 | 44% |
9 | 1 | 0 |
| Lassi Thomson | D | 0 | 1 | 1 | 0 | 0 | 1 | 1 | 2 | 16:59 | 1:41 | 0 | 0:00 | 0 | 0% |
0 | 0 | 0 |
| Martin Frk | RW | 0 | 1 | 1 | -2 | 0 | 1 | 3 | 1 | 16:31 | 0:01 | 0 | 0:00 | 0 | 0% |
0 | 0 | 0 |
| Nikita Alexandrov | C | 1 | 0 | 1 | -2 | 0 | 3 | 5 | 0 | 17:30 | 1:18 | 0 | 0:00 | 0 | 39% |
23 | 2 | 1 |
| Patrick Brown | C/RW | 0 | 1 | 1 | -2 | 0 | 5 | 4 | 1 | 16:28 | 1:13 | 0 | 0:00 | 0 | 0% |
0 | 0 | 0 |
| Ryan Merkley | D | 0 | 0 | 0 | -2 | 0 | 0 | 2 | 1 | 21:50 | 0:51 | 0 | 0:49 | 0 | 0% |
0 | 1 | 1 |
| Saku Maenalanen | LW/RW | 0 | 0 | 0 | -2 | 0 | 4 | 1 | 2 | 19:03 | 1:18 | 0 | 1:02 | 0 | 0% |
0 | 0 | 1 |
| Tommy Miller | D | 0 | 0 | 0 | 0 | 0 | 1 | 2 | 2 | 15:54 | 0:00 | 0 | 1:10 | 0 | 0% |
0 | 0 | 0 |
Roadrunners
| 5 vs 5 Forward |
|---|
| Line # | Left Wing | Center | Right Wing | PHY | DF | OF | Wanted % | Time % | Time Play |
| 1 | Rem Pitlick | Colin White | Bobby Brink | 1 | 2 | 2 | 40 | 37% | 20:33
|
| 2 | Nick Abruzzese | Marat Khusnutdinov | Julien Gauthier | 1 | 2 | 2 | 30 | 30% | 16:27
|
| 3 | William Eklund | Fredrik Karlstrom | Linus Karlsson | 1 | 2 | 2 | 20 | 25% | 13:53
|
| 4 | Julien Gauthier | Colin White | Trey Fix-Wolansky | 1 | 2 | 2 | 10 | 8% | 4:36
|
| 5 vs 5 Defense |
|---|
| Line # | Defense | Defense | | PHY | DF | OF | Wanted % | Time % | Time Play |
| 1 | Reilly Walsh | Kale Clague | | 1 | 3 | 1 | 40 | 33% | 18:08
|
| 2 | Reilly Walsh | Nikita Novikov | | 2 | 2 | 1 | 30 | 24% | 13:08
|
| 3 | Jake Massie | Stanislav Svozil | | 1 | 2 | 2 | 20 | 39% | 21:38
|
| 4 | Mac Hollowell | Reilly Walsh | | 1 | 2 | 2 | 10 | 5% | 2:35
|
| Power Play Forward |
|---|
| Line # | Left Wing | Center | Right Wing | PHY | DF | OF | Wanted % | Time % | Time Play |
| 1 | Rem Pitlick | Colin White | Bobby Brink | 0 | 1 | 4 | 60 | 54% | 1:04
|
| 2 | Nick Abruzzese | Marat Khusnutdinov | Julien Gauthier | 0 | 1 | 4 | 40 | 46% | 0:55
|
| Power Play Defense |
|---|
| Line # | Defense | Defense | | PHY | DF | OF | Wanted % | Time % | Time Play |
| 1 | Reilly Walsh | Nikita Novikov | | 0 | 1 | 4 | 60 | 100% | 1:59
|
| 2 | Reilly Walsh | Nikita Novikov | | 0 | 1 | 4 | 40 | 0% | 0:00
|
| Penalty Kill 4 Players Forward |
|---|
| Line # | Center | Wing | PHY | DF | OF | Wanted % | Time % | Time Play |
| 1 | Colin White | Rem Pitlick | 1 | 3 | 1 | 60 | 91% | 2:18
|
| 2 | Marat Khusnutdinov | Nick Abruzzese | 1 | 3 | 1 | 40 | 9% | 0:14
|
| Penalty Kill 4 Players Defense |
|---|
| Line # | Defense | Defense | PHY | DF | OF | Wanted % | Time % | Time Play |
| 1 | Reilly Walsh | Nikita Novikov | 2 | 3 | 0 | 60 | 100% | 2:32
|
| 2 | Reilly Walsh | Nikita Novikov | 2 | 3 | 0 | 40 | 0% | 0:00
|
| Penalty Kill 3 Players |
|---|
| Line # | Wing | PHY | DF | OF | Wanted % | Time % | Time Play | Defense | Defense | PHY | DF | OF | Wanted % | Time % | Time Play |
| 1 | Colin White | 0 | 5 | 0 | 60 | 0% | 0:00
| Reilly Walsh | Nikita Novikov | 1 | 4 | 0 | 60 | 0% | 0:00
|
| 2 | Marat Khusnutdinov | 0 | 5 | 0 | 40 | 0% | 0:00
| Reilly Walsh | Nikita Novikov | 1 | 4 | 0 | 40 | 0% | 0:00
|
| 4 vs 4 Forward |
|---|
| Line # | Center | Wing | PHY | DF | OF | Wanted % | Time % | Time Play |
| 1 | Colin White | Rem Pitlick | 1 | 2 | 2 | 60 | 0% | 0:00
|
| 2 | Marat Khusnutdinov | Nick Abruzzese | 1 | 2 | 2 | 40 | 0% | 0:00
|
| 4 vs 4 Defense |
|---|
| Line # | Defense | | PHY | DF | OF | Wanted % | Time % | Time Play |
| 1 | Reilly Walsh | Nikita Novikov | 1 | 2 | 2 | 60 | 0% | 0:00
|
| 2 | Reilly Walsh | Nikita Novikov | 1 | 2 | 2 | 40 | 0% | 0:00
|
| Last Minutes Offensive |
|---|
| Left Wing | Center | Right Wing | Defense | Defense |
| Rem Pitlick | Colin White | Bobby Brink | Reilly Walsh | Kale Clague |
| Last Minutes Defensive |
|---|
| Left Wing | Center | Right Wing | Defense | Defense |
| Rem Pitlick | Colin White | William Eklund | Reilly Walsh | Kale Clague |
| Time |
|---|
| Total Forward | Total Defense | Last Minutes Offensive | Last Minutes Defensive |
| 60:00 |
60:00 |
0:00 | 0:00 |
| Extra Forwards |
|---|
| Normal | PowerPlay | Penalty Kill |
|
Trey Fix-Wolansky, Marat Khusnutdinov, Linus Karlsson | Trey Fix-Wolansky, Marat Khusnutdinov | Trey Fix-Wolansky |
| Extra Defensemen |
|---|
| Normal | PowerPlay | Penalty Kill |
|
Stanislav Svozil, Mac Hollowell, Reilly Walsh | Stanislav Svozil, Stanislav Svozil | Mac Hollowell |
| Penalty Shots |
|---|
|
Colin White, Julien Gauthier, Rem Pitlick, Bobby Brink, Trey Fix-Wolansky |
| Goalie |
|---|
| Garrett Metcalf, Darion Hanson |
| Scratches |
|---|
|
Domenick Fensore (Healthy), Eetu Liukas (Healthy), Ethan Cardwell (Healthy), Marco Kasper (Healthy), Matthew Maggio (Healthy)
Nikita Chibrikov (Healthy), Roni Hirvonen (Healthy), Trevor Kuntar (Healthy), Angus Crookshank (Healthy), Brayden Tracey (Healthy)
Evan Barratt (Healthy), Griffin Luce (Healthy), Jamieson Rees (Healthy), Ryan O'Rourke (Healthy), Grant Mismash (Healthy)
Brad Lambert (Healthy), Brendan Brisson (Healthy), Josh Doan (Healthy), Karl Henriksson (Healthy), Samuel Knazko (Healthy)
Daniil Chechelev (Healthy) |
Marlies
| 5 vs 5 Forward |
|---|
| Line # | Left Wing | Center | Right Wing | PHY | DF | OF | Wanted % | Time % | Time Play |
| 1 | Saku Maenalanen | Nikita Alexandrov | Martin Frk | 0 | 3 | 2 | 30 | 31% | 17:17
|
| 2 | Jake Lucchini | Jujhar Khaira | Patrick Brown | 0 | 3 | 2 | 28 | 27% | 14:47
|
| 3 | Greg McKegg | Dominic Toninato | Jonah Gadjovich | 0 | 3 | 2 | 23 | 23% | 12:51
|
| 4 | Brett Seney | Brad Richardson | Filip Cederqvist | 0 | 3 | 2 | 19 | 19% | 10:34
|
| 5 vs 5 Defense |
|---|
| Line # | Defense | Defense | | PHY | DF | OF | Wanted % | Time % | Time Play |
| 1 | Ryan Merkley | Alec Regula | | 1 | 3 | 1 | 36 | 36% | 20:01
|
| 2 | Joseph Duszak | Dillon Heatherington | | 1 | 3 | 1 | 34 | 35% | 19:17
|
| 3 | Lassi Thomson | Tommy Miller | | 1 | 3 | 1 | 30 | 29% | 16:11
|
| 4 | Ryan Merkley | Alec Regula | | 1 | 2 | 2 | 0 | 0% | 0:00
|
| Power Play Forward |
|---|
| Line # | Left Wing | Center | Right Wing | PHY | DF | OF | Wanted % | Time % | Time Play |
| 1 | Saku Maenalanen | Nikita Alexandrov | Jonah Gadjovich | 1 | 1 | 3 | 60 | 52% | 1:19
|
| 2 | Jake Lucchini | Jujhar Khaira | Patrick Brown | 1 | 1 | 3 | 40 | 48% | 1:13
|
| Power Play Defense |
|---|
| Line # | Defense | Defense | | PHY | DF | OF | Wanted % | Time % | Time Play |
| 1 | Ryan Merkley | Joseph Duszak | | 1 | 2 | 2 | 60 | 34% | 0:51
|
| 2 | Alec Regula | Lassi Thomson | | 1 | 2 | 2 | 40 | 66% | 1:41
|
| Penalty Kill 4 Players Forward |
|---|
| Line # | Center | Wing | PHY | DF | OF | Wanted % | Time % | Time Play |
| 1 | Brad Richardson | Saku Maenalanen | 0 | 3 | 2 | 60 | 70% | 1:23
|
| 2 | Dominic Toninato | Greg McKegg | 1 | 3 | 1 | 40 | 30% | 0:36
|
| Penalty Kill 4 Players Defense |
|---|
| Line # | Defense | Defense | PHY | DF | OF | Wanted % | Time % | Time Play |
| 1 | Ryan Merkley | Alec Regula | 0 | 4 | 1 | 60 | 41% | 0:49
|
| 2 | Tommy Miller | Dillon Heatherington | 0 | 4 | 1 | 40 | 59% | 1:10
|
| Penalty Kill 3 Players |
|---|
| Line # | Wing | PHY | DF | OF | Wanted % | Time % | Time Play | Defense | Defense | PHY | DF | OF | Wanted % | Time % | Time Play |
| 1 | Nikita Alexandrov | 0 | 4 | 1 | 60 | 0% | 0:00
| Ryan Merkley | Alec Regula | 0 | 5 | 0 | 60 | 0% | 0:00
|
| 2 | Brad Richardson | 0 | 4 | 1 | 40 | 0% | 0:00
| Tommy Miller | Dillon Heatherington | 0 | 5 | 0 | 40 | 0% | 0:00
|
| 4 vs 4 Forward |
|---|
| Line # | Center | Wing | PHY | DF | OF | Wanted % | Time % | Time Play |
| 1 | Nikita Alexandrov | Jonah Gadjovich | 1 | 2 | 2 | 60 | 0% | 0:00
|
| 2 | Dominic Toninato | Greg McKegg | 1 | 2 | 2 | 40 | 0% | 0:00
|
| 4 vs 4 Defense |
|---|
| Line # | Defense | | PHY | DF | OF | Wanted % | Time % | Time Play |
| 1 | Ryan Merkley | Alec Regula | 1 | 2 | 2 | 60 | 0% | 0:00
|
| 2 | Joseph Duszak | Dillon Heatherington | 1 | 2 | 2 | 40 | 0% | 0:00
|
| Last Minutes Offensive |
|---|
| Left Wing | Center | Right Wing | Defense | Defense |
| Saku Maenalanen | Nikita Alexandrov | Jonah Gadjovich | Ryan Merkley | Joseph Duszak |
| Last Minutes Defensive |
|---|
| Left Wing | Center | Right Wing | Defense | Defense |
| Jake Lucchini | Jujhar Khaira | Saku Maenalanen | Ryan Merkley | Alec Regula |
| Time |
|---|
| Total Forward | Total Defense | Last Minutes Offensive | Last Minutes Defensive |
| 60:00 |
60:00 |
0:00 | 0:00 |
| Extra Forwards |
|---|
| Normal | PowerPlay | Penalty Kill |
|
Nikita Alexandrov, Jonah Gadjovich, Saku Maenalanen | Nikita Alexandrov, Saku Maenalanen | Saku Maenalanen |
| Extra Defensemen |
|---|
| Normal | PowerPlay | Penalty Kill |
|
Alec Regula, Ryan Merkley, Dillon Heatherington | Ryan Merkley, Ryan Merkley | Alec Regula |
| Penalty Shots |
|---|
|
Nikita Alexandrov, Jonah Gadjovich, Jake Lucchini, Saku Maenalanen, Martin Frk |
| Goalie |
|---|
| Arturs Silovs, Jiri Patera |
| Scratches |
|---|
|
C.J. Smith (Healthy), Andy Welinski (Healthy), Carsen Twarynski (Healthy), Jermaine Loewen (Healthy), William Wallinder (Healthy)
Brett Sutter (Healthy), Michael Vukojevic (Healthy), Nick Albano (Healthy), Ronnie Attard (Abdomen/Ribs Injury), Sean Josling (Healthy)
Jaydon Dureau (Healthy), Nolan Yaremko (Healthy), Ty Glover (Healthy), Tyson Feist (Healthy), Ville Koivunen (Healthy)
Ales Stezka (Healthy), Magnus Chrona (Healthy), Joel Blomqvist (Healthy), Victor Brattstrom (Healthy) |
Play-by-Play
1st period
0:01 of 1st period - Nikita Alexandrov wins face-off versus Bobby Brink in neutral zone.
0:14 of 1st period - Wrist shot by Martin Frk.
0:14 of 1st period - Stopped by Garrett Metcalf without a rebound.
0:15 of 1st period - Marat Khusnutdinov wins face-off versus Jujhar Khaira in Roadrunners zone.
0:40 of 1st period - Dillon Heatherington is hit by Linus Karlsson.
1:23 of 1st period - Alec Regula is hit by Julien Gauthier and loses puck.
1:40 of 1st period - Stanislav Svozil is hit by Patrick Brown and loses puck.
2:13 of 1st period - Slapshot by Brad Richardson.
2:13 of 1st period - Stopped by Garrett Metcalf with a rebound.
2:15 of 1st period - Snap shot by Filip Cederqvist.
2:15 of 1st period - Shot Misses the Net.
2:17 of 1st period - Snap shot by Dillon Heatherington.
2:17 of 1st period - Stopped by Garrett Metcalf without a rebound.
2:18 of 1st period - Fredrik Karlstrom wins face-off versus Nikita Alexandrov in Roadrunners zone.
2:18 of 1st period - Fredrik Karlstrom is hit by Nikita Alexandrov.
2:50 of 1st period - Slapshot by Julien Gauthier.
2:50 of 1st period - Deflect By Nick Abruzzese.
2:50 of 1st period - Shot Blocked by Lassi Thomson.
2:50 of 1st period - Puck is out of play.
2:51 of 1st period - Dominic Toninato wins face-off versus Colin White in Marlies zone.
3:00 of 1st period - Greg McKegg is hit by Bobby Brink and loses puck.
3:24 of 1st period - Snap shot by Patrick Brown.
3:24 of 1st period - Stopped by Garrett Metcalf with a rebound.
3:26 of 1st period - Wrist shot by Jujhar Khaira.
3:26 of 1st period - Stopped by Garrett Metcalf with a rebound.
3:28 of 1st period - Snap shot by Patrick Brown.
3:28 of 1st period - Shot Misses the Net.
3:42 of 1st period - Wrist shot by Nikita Alexandrov.
3:42 of 1st period - Stopped by Garrett Metcalf with a rebound.
3:58 of 1st period - Colin White is hit by Alec Regula.
4:53 of 1st period - Jujhar Khaira is hit by Nikita Novikov and loses puck.
5:42 of 1st period - Wrist shot by Marat Khusnutdinov.
5:42 of 1st period - Shot Blocked by Filip Cederqvist.
5:52 of 1st period - Stanislav Svozil is hit by Joseph Duszak and loses puck.
6:30 of 1st period - Snap shot by Martin Frk.
6:30 of 1st period - Shot Misses the Net.
6:32 of 1st period - Slapshot by Tommy Miller.
6:32 of 1st period - Stopped by Garrett Metcalf with a rebound.
6:34 of 1st period - Slapshot by Nikita Alexandrov.
6:34 of 1st period - Stopped by Garrett Metcalf with a rebound.
6:36 of 1st period - Wrist shot by Martin Frk.
6:36 of 1st period - Stopped by Garrett Metcalf with a rebound.
6:38 of 1st period - Snap shot by Tommy Miller.
6:38 of 1st period - Stopped by Garrett Metcalf with a rebound.
7:06 of 1st period - William Eklund is hit by Brad Richardson and loses puck.
9:11 of 1st period - Trey Fix-Wolansky is hit by Dillon Heatherington and loses puck.
10:00 of 1st period - Kale Clague is hit by Saku Maenalanen and loses puck.
10:13 of 1st period - Colin White is hit by Jake Lucchini and loses puck.
10:37 of 1st period - Nick Abruzzese is hit by Jonah Gadjovich and loses puck.
10:52 of 1st period - Snap shot by Brett Seney.
10:52 of 1st period - Shot Blocked by Rem Pitlick.
10:54 of 1st period - Slapshot by Brett Seney.
10:54 of 1st period - Shot Misses the Net.
10:56 of 1st period - Slapshot by Lassi Thomson.
10:56 of 1st period - Deflect By Brett Seney.
10:56 of 1st period - Stopped by Garrett Metcalf with a rebound.
10:58 of 1st period - Slapshot by Alec Regula.
10:58 of 1st period - Stopped by Garrett Metcalf with a rebound.
11:29 of 1st period - Off-side.
11:30 of 1st period - Greg McKegg wins face-off versus Fredrik Karlstrom in neutral zone.
12:42 of 1st period - Snap shot by Marat Khusnutdinov.
12:42 of 1st period - Stopped by Arturs Silovs without a rebound.
12:43 of 1st period - Colin White wins face-off versus Nikita Alexandrov in Marlies zone.
12:46 of 1st period - Slapshot by Bobby Brink.
12:46 of 1st period - Deflect By Colin White.
12:46 of 1st period - Shot Blocked by Saku Maenalanen.
12:46 of 1st period - Puck is out of play.
12:47 of 1st period - Colin White wins face-off versus Nikita Alexandrov in Marlies zone.
12:50 of 1st period - Slapshot by Rem Pitlick.
12:50 of 1st period - Shot Blocked by Dillon Heatherington.
12:52 of 1st period - Minor Penalty to Dillon Heatherington for High sticking.
12:53 of 1st period - Brad Richardson wins face-off versus Colin White in Marlies zone.
12:58 of 1st period - Wrist shot by Saku Maenalanen.
12:58 of 1st period - Shot Misses the Net.
13:10 of 1st period - Reilly Walsh is hit by Saku Maenalanen and loses puck.
13:23 of 1st period - Brad Richardson is hit by Nikita Novikov and loses puck.
14:26 of 1st period - Marat Khusnutdinov is hit by Tommy Miller and loses puck.
14:52 of 1st period - Penalty to Dillon Heatherington is over, Dillon Heatherington is back on ice.
14:56 of 1st period - Alec Regula is hit by William Eklund.
15:16 of 1st period - Linus Karlsson is hit by Patrick Brown and loses puck.
16:51 of 1st period - Trey Fix-Wolansky is hit by Filip Cederqvist and loses puck.
17:04 of 1st period - Snap shot by Patrick Brown.
17:04 of 1st period - Stopped by Garrett Metcalf without a rebound.
17:05 of 1st period - Jujhar Khaira wins face-off versus Fredrik Karlstrom in Roadrunners zone.
17:06 of 1st period - Snap shot by Jake Lucchini.
17:06 of 1st period - Stopped by Garrett Metcalf without a rebound.
17:07 of 1st period - Fredrik Karlstrom wins face-off versus Jujhar Khaira in Roadrunners zone.
19:16 of 1st period - Wrist shot by Fredrik Karlstrom.
19:16 of 1st period - Stopped by Arturs Silovs with a rebound.
Goals for this period are 0 for Roadrunners vs 0 for Marlies.
Shots for this period are 2 for Roadrunners vs 14 for Marlies.
2nd period
0:01 of 2nd period - Nikita Alexandrov wins face-off versus Colin White in neutral zone.
0:48 of 2nd period - Icing by Linus Karlsson.
0:49 of 2nd period - Brad Richardson wins face-off versus Fredrik Karlstrom in Roadrunners zone.
1:21 of 2nd period - Backhand shot by Colin White.
1:21 of 2nd period - Stopped by Arturs Silovs with a rebound.
1:23 of 2nd period - Slapshot by Reilly Walsh.
1:23 of 2nd period - Shot Blocked by Martin Frk.
2:27 of 2nd period - Snap shot by Saku Maenalanen.
2:27 of 2nd period - Shot Misses the Net.
2:29 of 2nd period - Slapshot by Alec Regula.
2:29 of 2nd period - Deflect By Martin Frk.
2:29 of 2nd period - Shot Blocked by Jake Massie.
2:29 of 2nd period - Jake Massie from Roadrunners is injured at 2:29 of 2nd period (Left Wrist).
2:30 of 2nd period - Nikita Alexandrov wins face-off versus Colin White in Roadrunners zone.
2:31 of 2nd period - Wrist shot by Martin Frk.
2:31 of 2nd period - Stopped by Garrett Metcalf with a rebound.
2:46 of 2nd period - Snap shot by Colin White.
2:46 of 2nd period - Shot Blocked by Saku Maenalanen.
3:01 of 2nd period - Slapshot by Stanislav Svozil.
3:01 of 2nd period - Stopped by Arturs Silovs with a rebound.
3:09 of 2nd period - Wrist shot by Patrick Brown.
3:09 of 2nd period - Shot Misses the Net.
3:38 of 2nd period - Snap shot by Dominic Toninato.
3:38 of 2nd period - Goal by Dominic Toninato - Roadrunners : 0 - Marlies : 1.
3:39 of 2nd period - Colin White wins face-off versus Nikita Alexandrov in neutral zone.
3:48 of 2nd period - Slapshot by Bobby Brink.
3:48 of 2nd period - Stopped by Arturs Silovs without a rebound.
3:49 of 2nd period - Colin White wins face-off versus Nikita Alexandrov in Marlies zone.
4:14 of 2nd period - Slapshot by Reilly Walsh.
4:14 of 2nd period - Stopped by Arturs Silovs without a rebound.
4:15 of 2nd period - Marat Khusnutdinov wins face-off versus Jake Lucchini in Marlies zone.
4:28 of 2nd period - Wrist shot by Nick Abruzzese.
4:28 of 2nd period - Goal by Nick Abruzzese - Roadrunners : 1 - Marlies : 1.
4:29 of 2nd period - Colin White wins face-off versus Jujhar Khaira in neutral zone.
4:37 of 2nd period - Joseph Duszak and Rem Pitlick fight to a draw.
4:37 of 2nd period - Penalty to Joseph Duszak for Fighting.
4:37 of 2nd period - Penalty to Rem Pitlick for Fighting.
4:38 of 2nd period - Jujhar Khaira wins face-off versus Colin White in Roadrunners zone.
4:39 of 2nd period - Snap shot by Jake Lucchini.
4:39 of 2nd period - Stopped by Garrett Metcalf with a rebound.
4:45 of 2nd period - Jake Lucchini is hit by Bobby Brink and loses puck.
4:55 of 2nd period - Off-side.
4:56 of 2nd period - Marat Khusnutdinov wins face-off versus Nikita Alexandrov in neutral zone.
5:21 of 2nd period - Jonah Gadjovich is hit by Trey Fix-Wolansky and loses puck.
5:42 of 2nd period - Wrist shot by William Eklund.
5:42 of 2nd period - Stopped by Arturs Silovs without a rebound.
5:43 of 2nd period - Brad Richardson wins face-off versus Fredrik Karlstrom in Marlies zone.
5:43 of 2nd period - Brad Richardson is hit by Fredrik Karlstrom.
5:55 of 2nd period - Wrist shot by William Eklund.
5:55 of 2nd period - Stopped by Arturs Silovs with a rebound.
5:57 of 2nd period - Slapshot by Fredrik Karlstrom.
5:57 of 2nd period - Shot Blocked by Tommy Miller.
5:59 of 2nd period - Snap shot by Fredrik Karlstrom.
5:59 of 2nd period - Shot Misses the Net.
6:13 of 2nd period - Stanislav Svozil is hit by Lassi Thomson and loses puck.
6:20 of 2nd period - Snap shot by Brad Richardson.
6:20 of 2nd period - Stopped by Garrett Metcalf with a rebound.
6:22 of 2nd period - Snap shot by Lassi Thomson.
6:22 of 2nd period - Shot Blocked by Mac Hollowell.
6:24 of 2nd period - Wrist shot by Filip Cederqvist.
6:24 of 2nd period - Goal by Filip Cederqvist - Roadrunners : 1 - Marlies : 2.
6:25 of 2nd period - Colin White wins face-off versus Jujhar Khaira in neutral zone.
6:51 of 2nd period - Nikita Alexandrov is hit by Julien Gauthier and loses puck.
6:58 of 2nd period - Snap shot by Nick Abruzzese.
6:58 of 2nd period - Shot Misses the Net.
8:03 of 2nd period - Julien Gauthier is hit by Jujhar Khaira and loses puck.
8:31 of 2nd period - Saku Maenalanen is hit by Mac Hollowell and loses puck.
9:15 of 2nd period - Slapshot by Jake Lucchini.
9:15 of 2nd period - Shot Misses the Net.
9:17 of 2nd period - Snap shot by Jake Lucchini.
9:17 of 2nd period - Shot Misses the Net.
9:32 of 2nd period - Kale Clague is hit by Brett Seney and loses puck.
9:47 of 2nd period - Mac Hollowell is hit by Dillon Heatherington and loses puck.
10:06 of 2nd period - Trey Fix-Wolansky is hit by Martin Frk and loses puck.
10:33 of 2nd period - Stanislav Svozil is hit by Filip Cederqvist and loses puck.
10:58 of 2nd period - Snap shot by Brett Seney.
10:58 of 2nd period - Shot Misses the Net.
13:19 of 2nd period - Mac Hollowell is hit by Filip Cederqvist and loses puck.
13:49 of 2nd period - Linus Karlsson is hit by Jonah Gadjovich and loses puck.
14:21 of 2nd period - Cam Dineen is hit by Dillon Heatherington and loses puck.
16:09 of 2nd period - Stanislav Svozil is hit by Patrick Brown.
16:19 of 2nd period - Reilly Walsh is hit by Dominic Toninato and loses puck.
17:05 of 2nd period - Alec Regula is hit by Trey Fix-Wolansky and loses puck.
17:58 of 2nd period - Stanislav Svozil is hit by Saku Maenalanen and loses puck.
18:03 of 2nd period - Wrist shot by Martin Frk.
18:03 of 2nd period - Deflect By Nikita Alexandrov.
18:03 of 2nd period - Goal by Nikita Alexandrov - Roadrunners : 1 - Marlies : 3.
18:04 of 2nd period - Colin White wins face-off versus Nikita Alexandrov in neutral zone.
18:07 of 2nd period - Snap shot by Bobby Brink.
18:07 of 2nd period - Goal by Bobby Brink - Roadrunners : 2 - Marlies : 3.
18:08 of 2nd period - Colin White wins face-off versus Nikita Alexandrov in neutral zone.
18:13 of 2nd period - Wrist shot by Bobby Brink.
18:13 of 2nd period - Shot Hit the Post.
18:33 of 2nd period - Julien Gauthier is hit by Patrick Brown and loses puck.
18:40 of 2nd period - Snap shot by Jake Lucchini.
18:40 of 2nd period - Stopped by Garrett Metcalf with a rebound.
18:42 of 2nd period - Slapshot by Ryan Merkley.
18:42 of 2nd period - Stopped by Garrett Metcalf without a rebound.
18:43 of 2nd period - Jujhar Khaira wins face-off versus Colin White in Roadrunners zone.
18:56 of 2nd period - Wrist shot by Rem Pitlick.
18:56 of 2nd period - Stopped by Arturs Silovs with a rebound.
Goals for this period are 2 for Roadrunners vs 3 for Marlies.
Shots for this period are 9 for Roadrunners vs 8 for Marlies.
3rd period
0:01 of 3rd period - Nikita Alexandrov wins face-off versus Colin White in neutral zone.
0:06 of 3rd period - Wrist shot by Bobby Brink.
0:06 of 3rd period - Stopped by Arturs Silovs with a rebound.
0:08 of 3rd period - Wrist shot by Bobby Brink.
0:08 of 3rd period - Goal by Bobby Brink - Roadrunners : 3 - Marlies : 3.
0:09 of 3rd period - Colin White wins face-off versus Nikita Alexandrov in neutral zone.
0:13 of 3rd period - Reilly Walsh is hit by Alec Regula and loses puck.
0:41 of 3rd period - Wrist shot by Patrick Brown.
0:41 of 3rd period - Stopped by Garrett Metcalf with a rebound.
0:43 of 3rd period - Wrist shot by Patrick Brown.
0:43 of 3rd period - Shot Misses the Net.
0:45 of 3rd period - Slapshot by Ryan Merkley.
0:45 of 3rd period - Shot Blocked by Stanislav Svozil.
0:47 of 3rd period - Slapshot by Ryan Merkley.
0:47 of 3rd period - Shot Blocked by Mac Hollowell.
1:06 of 3rd period - William Eklund is hit by Jonah Gadjovich and loses puck.
1:19 of 3rd period - Snap shot by Bobby Brink.
1:19 of 3rd period - Stopped by Arturs Silovs without a rebound.
1:20 of 3rd period - Colin White wins face-off versus Brad Richardson in Marlies zone.
1:21 of 3rd period - Wrist shot by Bobby Brink.
1:21 of 3rd period - Deflect By Rem Pitlick.
1:21 of 3rd period - Shot Misses the Net.
1:21 of 3rd period - Puck is out of play.
1:22 of 3rd period - Nikita Alexandrov wins face-off versus Colin White in Marlies zone.
1:26 of 3rd period - Off-side.
1:27 of 3rd period - Colin White wins face-off versus Nikita Alexandrov in neutral zone.
1:42 of 3rd period - Snap shot by Nikita Alexandrov.
1:42 of 3rd period - Shot Misses the Net.
1:56 of 3rd period - Snap shot by Julien Gauthier.
1:56 of 3rd period - Shot Blocked by Dillon Heatherington.
1:58 of 3rd period - Snap shot by Marat Khusnutdinov.
1:58 of 3rd period - Stopped by Arturs Silovs without a rebound.
1:59 of 3rd period - Marat Khusnutdinov wins face-off versus Jujhar Khaira in Marlies zone.
2:08 of 3rd period - Slapshot by Julien Gauthier.
2:08 of 3rd period - Stopped by Arturs Silovs with a rebound.
2:10 of 3rd period - Backhand shot by Kale Clague.
2:10 of 3rd period - Shot Misses the Net.
2:18 of 3rd period - Snap shot by Marat Khusnutdinov.
2:18 of 3rd period - Stopped by Arturs Silovs with a rebound.
2:20 of 3rd period - Wrist shot by Nick Abruzzese.
2:20 of 3rd period - Shot Misses the Net.
2:22 of 3rd period - Wrist shot by Nick Abruzzese.
2:22 of 3rd period - Shot Blocked by Patrick Brown.
2:24 of 3rd period - Slapshot by Stanislav Svozil.
2:24 of 3rd period - Shot Misses the Net.
2:36 of 3rd period - Snap shot by Julien Gauthier.
2:36 of 3rd period - Shot Misses the Net.
2:42 of 3rd period - Snap shot by Nick Abruzzese.
2:42 of 3rd period - Stopped by Arturs Silovs with a rebound.
2:50 of 3rd period - Snap shot by Julien Gauthier.
2:50 of 3rd period - Shot Blocked by Ryan Merkley.
2:52 of 3rd period - Backhand shot by Marat Khusnutdinov.
2:52 of 3rd period - Deflect By Julien Gauthier.
2:52 of 3rd period - Stopped by Arturs Silovs with a rebound.
3:04 of 3rd period - Jake Lucchini is hit by Julien Gauthier and loses puck.
3:19 of 3rd period - Snap shot by Julien Gauthier.
3:19 of 3rd period - Shot Misses the Net.
3:21 of 3rd period - Wrist shot by Kale Clague.
3:21 of 3rd period - Shot Misses the Net.
3:23 of 3rd period - Snap shot by Julien Gauthier.
3:23 of 3rd period - Goal by Julien Gauthier - Roadrunners : 4 - Marlies : 3.
3:24 of 3rd period - Nikita Alexandrov wins face-off versus Colin White in neutral zone.
3:27 of 3rd period - Rem Pitlick is hit by Saku Maenalanen and loses puck.
3:32 of 3rd period - Slapshot by Saku Maenalanen.
3:32 of 3rd period - Stopped by Garrett Metcalf with a rebound.
3:34 of 3rd period - Slapshot by Joseph Duszak.
3:34 of 3rd period - Shot Blocked by Reilly Walsh.
3:36 of 3rd period - Wrist shot by Nikita Alexandrov.
3:36 of 3rd period - Stopped by Garrett Metcalf with a rebound.
3:38 of 3rd period - Wrist shot by Joseph Duszak.
3:38 of 3rd period - Shot Blocked by Rem Pitlick.
3:40 of 3rd period - Slapshot by Dillon Heatherington.
3:40 of 3rd period - Stopped by Garrett Metcalf with a rebound.
3:50 of 3rd period - Greg McKegg is hit by William Eklund and loses puck.
3:57 of 3rd period - Wrist shot by William Eklund.
3:57 of 3rd period - Goal by William Eklund - Roadrunners : 5 - Marlies : 3.
3:57 of 3rd period - Jiri Patera enters game.
3:58 of 3rd period - Colin White wins face-off versus Nikita Alexandrov in neutral zone.
4:00 of 3rd period - Off-side.
4:01 of 3rd period - Nikita Alexandrov wins face-off versus Colin White in neutral zone.
4:26 of 3rd period - Snap shot by William Eklund.
4:26 of 3rd period - Shot Blocked by Lassi Thomson.
4:32 of 3rd period - Snap shot by William Eklund.
4:32 of 3rd period - Shot Misses the Net.
4:34 of 3rd period - Slapshot by Reilly Walsh.
4:34 of 3rd period - Deflect By Fredrik Karlstrom.
4:34 of 3rd period - Goal by Fredrik Karlstrom - Roadrunners : 6 - Marlies : 3.
4:35 of 3rd period - Dominic Toninato wins face-off versus Colin White in neutral zone.
4:47 of 3rd period - Snap shot by Colin White.
4:47 of 3rd period - Shot Blocked by Dominic Toninato.
4:49 of 3rd period - Snap shot by Bobby Brink.
4:49 of 3rd period - Shot Misses the Net.
4:51 of 3rd period - Wrist shot by Rem Pitlick.
4:51 of 3rd period - Shot Misses the Net.
5:01 of 3rd period - Julien Gauthier is hit by Nikita Alexandrov and loses puck.
5:14 of 3rd period - Wrist shot by Nikita Alexandrov.
5:14 of 3rd period - Shot Misses the Net.
5:28 of 3rd period - Snap shot by William Eklund.
5:28 of 3rd period - Deflect By Linus Karlsson.
5:28 of 3rd period - Stopped by Jiri Patera with a rebound.
5:36 of 3rd period - Patrick Brown is hit by Linus Karlsson and loses puck.
5:49 of 3rd period - Backhand shot by Colin White.
5:49 of 3rd period - Stopped by Jiri Patera without a rebound.
5:50 of 3rd period - Colin White wins face-off versus Brad Richardson in Marlies zone.
5:51 of 3rd period - Snap shot by Bobby Brink.
5:51 of 3rd period - Shot Misses the Net.
6:17 of 3rd period - Dillon Heatherington is hit by Nick Abruzzese and loses puck.
6:48 of 3rd period - Wrist shot by Linus Karlsson.
6:48 of 3rd period - Shot Blocked by Tommy Miller.
7:00 of 3rd period - Slapshot by Lassi Thomson.
7:00 of 3rd period - Shot Blocked by Nikita Novikov.
7:02 of 3rd period - Snap shot by Greg McKegg.
7:02 of 3rd period - Shot Misses the Net.
7:04 of 3rd period - Wrist shot by Dominic Toninato.
7:04 of 3rd period - Shot Blocked by Nikita Novikov.
7:06 of 3rd period - Slapshot by Jonah Gadjovich.
7:06 of 3rd period - Stopped by Garrett Metcalf without a rebound.
7:07 of 3rd period - Nikita Alexandrov wins face-off versus Marat Khusnutdinov in Roadrunners zone.
8:07 of 3rd period - Slapshot by Marat Khusnutdinov.
8:07 of 3rd period - Shot Misses the Net.
8:41 of 3rd period - Snap shot by Linus Karlsson.
8:41 of 3rd period - Stopped by Jiri Patera with a rebound.
8:43 of 3rd period - Slapshot by Reilly Walsh.
8:43 of 3rd period - Deflect By Martin Frk.
8:43 of 3rd period - Stopped by Jiri Patera with a rebound.
9:03 of 3rd period - Slapshot by Nikita Alexandrov.
9:03 of 3rd period - Stopped by Garrett Metcalf with a rebound.
9:31 of 3rd period - Stanislav Svozil is hit by Joseph Duszak and loses puck.
9:50 of 3rd period - Colin White is hit by Brad Richardson.
9:54 of 3rd period - Wrist shot by Brett Seney.
9:54 of 3rd period - Stopped by Garrett Metcalf with a rebound.
10:17 of 3rd period - Off-side.
10:18 of 3rd period - Greg McKegg wins face-off versus Marat Khusnutdinov in neutral zone.
10:35 of 3rd period - Wrist shot by Lassi Thomson.
10:35 of 3rd period - Deflect By Linus Karlsson.
10:35 of 3rd period - Stopped by Garrett Metcalf without a rebound.
10:36 of 3rd period - Fredrik Karlstrom wins face-off versus Nikita Alexandrov in Roadrunners zone.
10:43 of 3rd period - Martin Frk is hit by William Eklund and loses puck.
11:02 of 3rd period - Tommy Miller is hit by Rem Pitlick and loses puck.
11:09 of 3rd period - Wrist shot by Rem Pitlick.
11:09 of 3rd period - Stopped by Jiri Patera without a rebound.
11:10 of 3rd period - Marat Khusnutdinov wins face-off versus Dominic Toninato in Marlies zone.
11:38 of 3rd period - Icing by Alec Regula.
11:39 of 3rd period - Jujhar Khaira wins face-off versus Colin White in Marlies zone.
11:50 of 3rd period - Wrist shot by Patrick Brown.
11:50 of 3rd period - Stopped by Garrett Metcalf with a rebound.
11:52 of 3rd period - Slapshot by Ryan Merkley.
11:52 of 3rd period - Stopped by Garrett Metcalf without a rebound.
11:53 of 3rd period - Nikita Alexandrov wins face-off versus Colin White in Roadrunners zone.
11:54 of 3rd period - Slapshot by Martin Frk.
11:54 of 3rd period - Shot Misses the Net.
11:56 of 3rd period - Slapshot by Saku Maenalanen.
11:56 of 3rd period - Shot Misses the Net.
12:26 of 3rd period - Icing by Colin White.
12:27 of 3rd period - Colin White wins face-off versus Greg McKegg in Roadrunners zone.
12:32 of 3rd period - Snap shot by Bobby Brink.
12:32 of 3rd period - Deflect By Colin White.
12:32 of 3rd period - Stopped by Jiri Patera with a rebound.
12:34 of 3rd period - Wrist shot by Colin White.
12:34 of 3rd period - Stopped by Jiri Patera without a rebound.
12:35 of 3rd period - Marat Khusnutdinov wins face-off versus Dominic Toninato in Marlies zone.
12:50 of 3rd period - Minor Penalty to Kale Clague for Delaying the game.
12:51 of 3rd period - Colin White wins face-off versus Nikita Alexandrov in Roadrunners zone.
13:17 of 3rd period - Reilly Walsh is hit by Patrick Brown and loses puck.
13:26 of 3rd period - Backhand shot by Jake Lucchini.
13:26 of 3rd period - Shot Misses the Net.
14:10 of 3rd period - Stanislav Svozil is hit by Nikita Alexandrov and loses puck.
14:33 of 3rd period - Mac Hollowell is hit by Jujhar Khaira and loses puck.
14:50 of 3rd period - Penalty to Kale Clague is over, Kale Clague is back on ice.
15:02 of 3rd period - Snap shot by Ryan Merkley.
15:02 of 3rd period - Shot Blocked by Cam Dineen.
15:44 of 3rd period - Minor Penalty to Nikita Novikov for Tripping.
15:45 of 3rd period - Rem Pitlick wins face-off versus Nikita Alexandrov in Roadrunners zone.
15:45 of 3rd period - Rem Pitlick is hit by Jonah Gadjovich.
16:15 of 3rd period - Wrist shot by Patrick Brown.
16:15 of 3rd period - Shot Misses the Net.
16:17 of 3rd period - Slapshot by Alec Regula.
16:17 of 3rd period - Deflect By Rem Pitlick.
16:17 of 3rd period - Goal by Alec Regula - Roadrunners : 6 - Marlies : 4.
16:18 of 3rd period - Dominic Toninato wins face-off versus Colin White in neutral zone.
16:35 of 3rd period - Dillon Heatherington is hit by Rem Pitlick and loses puck.
16:56 of 3rd period - Wrist shot by Brett Seney.
16:56 of 3rd period - Stopped by Garrett Metcalf with a rebound.
16:58 of 3rd period - Wrist shot by Brad Richardson.
16:58 of 3rd period - Shot Blocked by Reilly Walsh.
18:11 of 3rd period - Greg McKegg is hit by Julien Gauthier and loses puck.
Goals for this period are 4 for Roadrunners vs 1 for Marlies.
Shots for this period are 18 for Roadrunners vs 12 for Marlies.